 Dungeon Crawl Stone Soup version 0.25-a0-634-gd1561dc703 (webtiles) character file.

Game seed: 14457929819384784828, levelgen mode: deterministic

637 Froggeryz the Skirmisher (level 7, 0/55 HPs)
             Began as a Demonspawn Chaos Knight on Mar 20, 2020.
             Was a Plaything of Xom.
             Slain by a killer bee (2 damage)
             ... on level 4 of the Dungeon.
             The game lasted 00:04:26 (2766 turns).

Froggeryz the Skirmisher (Demonspawn Chaos Knight)  Turns: 2766, Time: 00:04:28

Health: 0/55       AC:  6    Str: 14    XL:     7   Next: 25%
Magic:  7/7        EV: 11    Int: 16    God:    Xom [.....*]
Gold:   165        SH:  0    Dex: 13    Spells: 6/6 levels left

rFire    . . .     SeeInvis .   j - +0 mace (vorpal)
rCold    . . .     Gourm    .   (no shield)
rNeg     . . .     Faith    .   f - +0 scale mail
rPois    .         Spirit   .   (no helmet)
rElec    .         Reflect  .   (no cloak)
rCorr    .         Harm     .   (no gloves)
MR       .....                  (no boots)
Stlth    +.........             (no amulet)
HPRegen  0.18/turn              e - +3 ring of intelligence
MPRegen  0.10/turn              (no ring)

@: lethally poisoned (0 -> -2), very slightly contaminated
A: repulsion field 1, nightstalker 1, spiny 1
a: Renounce Religion


You were on level 4 of the Dungeon.
You worshipped Xom.
You were Xom's teddy bear.
You were hungry.

You visited 1 branch of the dungeon, and saw 4 of its levels.

You collected 165 gold pieces.

Inventory:

Hand Weapons
 a - a +0 hand axe of chaos
 j - a +0 vorpal mace (weapon)
Missiles
 h - 26 poisoned darts (quivered)
Armour
 f - a +0 scale mail (worn)
Jewellery
 e - a +3 ring of intelligence (left hand)
Wands
 o - a wand of enslavement (4)
Scrolls
 d - 2 scrolls of blinking {unknown}
 g - 3 scrolls of remove curse {unknown}
 l - a scroll of enchant armour {unknown}
 n - a scroll of amnesia {unknown}
 p - a scroll of identify {unknown}
 r - 3 scrolls of fog {unknown}
Potions
 b - a potion of might {unknown}
 i - 3 potions of curing {unknown}
 k - a potion of cancellation {unknown}
 m - a potion of degeneration {unknown}
 q - a potion of stabbing {unknown}
 s - a potion of heal wounds {unknown}
 t - 2 potions of flight {unknown}
 u - a potion of haste {unknown}
Comestibles
 c - 8 rations


   Skills:
 + Level 4.6 Fighting
 - Level 4.0(5.0) Axes
 * Level 4.5(5.2) Maces & Flails
 + Level 3.5 Armour
 - Level 0.8 Dodging


You had 6 spell levels left.
You didn't know any spells.
Your spell library contained the following spells:

 Spells                   Type           Power        Failure   Level  Hunger
 Corona                   Hex            #......      71%         1    ##.....
 Ensorcelled Hibernation  Hex/Ice        #.....       83%         2    ###....
 Confusing Touch          Hex            #.......     97%         3    ####...
 Dazzling Flash           Conj/Hex       #.....       97%         3    ####...
 Tukima's Dance           Hex            #.......     97%         3    ####...


Dungeon Overview and Level Annotations

Branches:
Dungeon (4/15)
 Temple: D:4-7

Altars:
Dithmenos
Nemelex Xobeh


Innate Abilities, Weirdness & Mutations

You are surrounded by a mild repulsion field. (EV +2)
You are slightly more attuned to the shadows.
You are partially covered in sharp spines.


Message History

You feel sick.
Xom's attention almost turns to you for a moment.
Your skin tingles.
You are now Xom's teddy bear.
The killer bee stings you!
* * * LOW HITPOINT WARNING * * *
The killer bee is struck by your spines.
The killer bee barely misses you.
You miss the killer bee.
The killer bee is heavily wounded.
You feel sick.
The killer bee stings you but does no damage.
The killer bee completely misses you.
You miss the killer bee.
The killer bee is heavily wounded.
The killer bee stings you.
* * * LOW HITPOINT WARNING * * *
The killer bee stings you.
You die...
Xom laughs nastily!

.. ..##.# ....#....#
....#....##
..........
.......%.###
...........#
........†..#
......@....##
......†y...)### .# #.
.........#.†..# ..
#.. .........###..#
.##..#
.........###.###.....
........$......#.....
.................#
....#####..#..O.#
#...#####.)##.#


You could see a killer bee.

Vanquished Creatures
  A water moccasin (D:3)
  A centaur (D:3)
  An ogre (D:4)
  2 killer bees (D:4)
  An orc wizard (D:3)
  6 adders
  3 worms
  4 leopard geckos
  5 orcs (D:3)
  10 bats
  2 giant cockroaches
  6 goblins
  6 hobgoblins
  3 jackals (D:2)
  A quokka (D:2)
  2 frilled lizards (D:2)
  8 kobolds
  7 rats
69 creatures vanquished.

Vanquished Creatures (collateral kills)
  An ogre (D:4)
  A scorpion (D:4)
  A howler monkey (D:4)
  A ball python (D:4)
4 creatures vanquished.

Vanquished Creatures (others)
  A killer bee (D:4)
1 creature vanquished.

Grand Total: 74 creatures vanquished

Notes
Turn   | Place    | Note
-------+----------+-------------------------------------------
     0 | D:1      | Froggeryz the Demonspawn Chaos Knight began the quest for
                  | the Orb.
     0 | D:1      | Reached XP level 1. HP: 18/18 MP: 1/1
   391 | D:1      | Gained mutation: You are surrounded by a mild repulsion
                  | field. (EV +2) [demonic ancestry]
   391 | D:1      | Reached XP level 2. HP: 24/24 MP: 2/2
   738 | D:2      | Gained mutation: You are partially covered in sharp spines.
                  | [demonic ancestry]
   738 | D:2      | Reached XP level 3. HP: 20/29 MP: 3/3
  1020 | D:2      | XOM: god gift: glowing mace {god gift}
  1304 | D:2      | Reached skill level 1 in Maces & Flails
  1580 | D:3      | XOM: silly message
  1581 | D:3      | Found a sparkling altar of Nemelex Xobeh.
  1586 | D:3      | Reached XP level 4. HP: 23/35 MP: 4/4
  1703 | D:3      | XOM: divination: detect items
  1770 | D:3      | Noticed a centaur
  1784 | D:3      | XOM: potion effect (invisibility)
  1787 | D:3      | XOM: mild Hex miscast
  1789 | D:3      | XOM: silly message
  1790 | D:3      | Killed a centaur
  1790 | D:3      | Gained mutation: You are slightly more attuned to the
                  | shadows. [demonic ancestry]
  1790 | D:3      | Reached XP level 5. HP: 9/41 MP: 5/5
  2218 | D:3      | Found a shadowy altar of Dithmenos.
  2371 | D:3      | Noticed a water moccasin
  2378 | D:3      | Killed a water moccasin
  2378 | D:3      | Reached XP level 6. HP: 16/48 MP: 6/6
  2488 | D:3      | XOM: harmless Necr miscast
  2562 | D:3      | XOM: harmless Air miscast
  2730 | D:4      | XOM: potion effect (invisibility)
  2751 | D:4      | Reached XP level 7. HP: 21/55 MP: 7/7
  2764 | D:4      | XOM: harmless Hex miscast
  2766 | D:4      | HP: 2/55 [killer bee (6)]
  2766 | D:4      | Slain by a killer bee

Levels and vault maps discovered:
D:1:      co_arrival_square_in_a_square_in_a_square, layout_basic
D:2:      layout_basic, first_ration, serial_rivers,
          chequers_serial_rivers_room_a, chequers_serial_rivers_micro_b,
          chequers_serial_rivers_small_b, chequers_serial_rivers_micro_e,
          chequers_serial_rivers_room_b
D:3:      layout_rooms, grunt_dithmenos_smoke_and_mirrors,
          nemelex_xobeh_ov_fountains_minmay
D:4:      layout_cave_pools, fedhas_bush_and_centaur_altar

Skill      XL: |  1  2  3  4  5  6 |
---------------+-------------------+-----
Axes           | 3 4 |  4.0
Maces & Flails | 1 2 3 4 |  4.5
Armour         | 2 3 |  3.5
Fighting       | 4 |  4.6
Dodging        | |  0.8

Action                   |  1- 3 |  4- 6 |  7- 9 || total
-------------------------+-------+-------+-------++-------
Melee: Hand axe          |    55 |       |       ||    55
       Mace              |    32 |    62 |    10 ||   104
Throw: Dart              |       |     2 |       ||     2
Evoke: Wand              |       |     2 |       ||     2
 Stab: Petrifying        |     1 |       |       ||     1
       Invisible         |       |     1 |     3 ||     4
  Eat: Chunk             |     2 |     3 |       ||     5
Armor: Scale mail        |    33 |    17 |     1 ||    51
       Leather armour    |     1 |       |       ||     1
Dodge: Dodged            |    49 |    52 |     7 ||   108

Table legend:
 A = Non-vault XP
 B = Vault XP
 C = Vault XP percentage of total XP
 D = Non-vault monster count
 E = Vault monster count
 F = Vault count percentage of total count
                 A         B        C        D         E       F
            +---------+---------+-------+---------+---------+-------
      Total |     910 |       0 |   0.0 |      74 |       0 |   0.0
            +---------+---------+-------+---------+---------+-------
        D:1 |      19 |       0 |   0.0 |      12 |       0 |   0.0
        D:2 |      74 |       0 |   0.0 |      26 |       0 |   0.0
        D:3 |     385 |       0 |   0.0 |      26 |       0 |   0.0
        D:4 |     432 |       0 |   0.0 |      10 |       0 |   0.0
            +---------+---------+-------+---------+---------+-------
